AoeStats
← A pelubi

Arabia

509904654Analyzed
1v1 RM · 3d ago on Sep 28, 2026· 54m 48s· 2 players
Game mode
Random Map
Map size
Tiny (2 player)
Population
200
Speed
Normal
Resources
Standard
Victory
Conquest
Starting age
Dark Age
Ending age
Imperial Age
RankedLock teamsTeams togetherTeam positionsShared explorationLock speedFull tech treeHidden civsTurbo modeCheats
Victory
Defeat
🇷🇸 Franks · Serbia
985
+17
🇦🇷 Hindustanis · Argentina
1006
-17
nightmare
10:10 Feudal Age
15:45 Castle Age
13:41 Double-Bit Axe
15:45 Gold Mining
20:06 Scale Barding Armor
22:47 Forging
22:03 Pikeman
24:38 Husbandry
28:28 Fletching
29:47 Bodkin Arrow
29:56 Elite Skirmisher
31:33 Padded Archer Armor
32:37 Ballistics
34:54 Leather Archer Armor
42:32 Imperial Age
45:24 Chemistry
45:31 Iron Casting
45:17 Chain Barding Armor
44:39 Cavalier
48:51 Wheelbarrow
48:02 Town Watch
48:02 Loom
52:23 Light Cavalry
A pelubi
5:42 Loom
9:22 Feudal Age
11:17 Double-Bit Axe
19:37 Castle Age
18:36 Fletching
20:18 Bloodlines
20:53 Bow Saw
20:25 Horse Collar
23:09 Padded Archer Armor
23:05 Bodkin Arrow
23:23 Gold Mining
23:46 Husbandry
27:48 Thumb Ring
30:26 Ballistics
31:36 Leather Archer Armor
31:36 Light Cavalry
41:08 Imperial Age
40:25 Stone Mining
41:11 Gold Shaft Mining
40:57 Scale Barding Armor
41:59 Wheelbarrow
45:11 Chemistry
45:48 Forging
47:26 Chain Barding Armor
47:17 Forging
46:53 Heavy Cavalry Archer
49:33 Heavy Camel Rider
52:36 Iron Casting
55:34 Plate Barding Armor
56:00 Blast Furnace
Connection lost

Rejoining the realm…

Still unreachable

The connection could not be restored.

Session expired

The server has moved on; the page needs a fresh start.